 Dungeon Crawl Stone Soup version 0.29-a0-323-g050149af67 (webtiles) character file.

Game seed: 3183724368699665975

112 oblizorion1 the Skirmisher (level 4, -4/41 HPs)
             Began as a Hill Orc Fighter on Apr 11, 2022.
             Killed from afar by an orc wizard (6 damage)
             ... with a magic dart
             ... on level 3 of the Dungeon.
             The game lasted 00:09:04 (2748 turns).

oblizorion1 the Skirmisher (Hill Orc Fighter)       Turns: 2748, Time: 00:09:04

Health: -4/41      AC:  7    Str: 20    XL:     4   Next: 93%
Magic:  4/4        EV:  9    Int:  8    God:
Gold:   214        SH:  0    Dex: 10    Spells: 3/3 levels left

rFire   . . .      SeeInvis .   a - +0 trident
rCold   . . .      Faith    .   c - +0 buckler
rNeg    . . .      Spirit   .   b - +0 scale mail
rPois   .          Reflect  .   (no helmet)
rElec   .          Harm     .   (no cloak)
rCorr   .          Rampage  .   (no gloves)
Will    .....                   (no boots)
Stlth   ..........              (no amulet)
HPRegen 0.13/turn               (no ring)
MPRegen 0.09/turn               (no ring)

@: confused
A: no striking features
a: no special abilities


You were on level 3 of the Dungeon.
You visited 1 branch of the dungeon, and saw 3 of its levels.

You collected 214 gold pieces.

Inventory:

Hand Weapons
 a - a +0 trident (weapon)
Missiles
 h - a throwing net
 l - 3 boomerangs (quivered)
 o - 6 javelins
Armour
 b - a +0 scale mail (worn)
 c - a +0 buckler (worn)
Jewellery
 s - an amulet of faith
Wands
 d - a wand of iceblast (9)
Scrolls
 f - a scroll of identify
 g - a scroll of fear {unknown}
 i - a scroll of teleportation
 q - a scroll of amnesia {unknown}
 r - a scroll of fog {unknown}
Potions
 e - a potion of curing
 m - a potion of flight {unknown}
 n - a potion of lignification {unknown}
 p - a potion of haste {unknown}


   Skills:
 + Level 4.3 Fighting
 + Level 3.3 Polearms
 + Level 0.2 Throwing
 + Level 4.1 Armour
 + Level 0.8 Dodging
 + Level 0.1 Stealth
 + Level 3.7 Shields


You had 3 spell levels left.
You didn't know any spells.
Your spell library was empty.

Dungeon Overview and Level Annotations

Branches:
Dungeon (3/15)

Altars:


Message History

The orc hits you with a +0 dagger. The orc hits you but does no damage.
You puncture something! Something hits you but does no damage.
The orc hits you but does no damage. The orc barely misses you.
You miss something. Something hits you but does no damage.
The orc closely misses you. The orc hits you but does no damage.
The orc hits you with a +0 dagger. The rat bites you but does no damage.
You hear some strange, mumbled words.
You are confused.
The orc hits you but does no damage.
You feel better.
You hear some strange, mumbled words.
You are confused.
The orc hits you with a +0 dagger. The orc hits you with a +0 short sword.
The rat closely misses you.
You barely miss the rat. The orc hits you but does no damage.
Something hits you. The rat bites you. The orc hits you but does no damage.
You bump into the rock wall.
You hear some strange, mumbled words.
A magic dart appears from out of thin air!
The magic dart hits you. The orc hits you but does no damage. x2
The rat bites you but does no damage.
You miss something. The orc hits you but does no damage.
You hear some strange, mumbled words.
You are more confused.
The rat bites you but does no damage. The orc hits you with a +0 short sword.
* * * LOW HITPOINT WARNING * * *
You hit the orc.
The orc is severely wounded.
You hear some strange, mumbled words.
A puff of flame appears from out of thin air!
The puff of flame hits you.
* * * LOW HITPOINT WARNING * * *
The orc hits you but does no damage. The orc hits you with a +0 short sword.
* * * LOW HITPOINT WARNING * * *
The rat bites you but does no damage.
You're too confused to move!
The orc hits you but does no damage.
You hear some strange, mumbled words.
A magic dart appears from out of thin air!
The magic dart hits you.
You die...

<...........##....[<# #
............##.<....####
.......[....)#......##..
...........#)..........#
##...)$.########.#..##
###....).#####.......
#......#.....[#####
#.r......####.### #
#o@....#### #...###
..###{#o......##.......
............#....##.#..
.[...##.........# ...#
.............###. ..#.
......#>.....####.##...
.........##........ ..##
#.#..........####.##.##
......#..#....##....###


You could see 2 orcs and a rat.

Vanquished Creatures
  Ijyb (D:3)
  Jessica (D:3)
  3 dart slugs (D:1)
  5 orcs
  7 ball pythons
  4 endoplasms
  2 giant cockroaches (D:3)
  4 goblins
  3 hobgoblins (D:1)
  4 kobolds
  3 quokkas
  4 bats
  2 frilled lizards
  2 rats (D:1)
45 creatures vanquished.

Notes
Turn   | Place    | Note
-------+----------+-------------------------------------------
     0 | D:1      | oblizorion1 the Hill Orc Fighter began the quest for the
                  | Orb.
     0 | D:1      | Reached XP level 1. HP: 19/19 MP: 1/1
   286 | D:1      | Reached XP level 2. HP: 27/27 MP: 2/2
   939 | D:1      | Reached XP level 3. HP: 33/33 MP: 3/3
  2237 | D:3      | Noticed Jessica
  2251 | D:3      | Killed Jessica
  2252 | D:3      | Reached XP level 4. HP: 36/40 MP: 4/4
  2309 | D:3      | Found a faded altar of an unknown god.
  2372 | D:3      | Noticed Ijyb
  2393 | D:3      | Killed Ijyb
  2747 | D:3      | HP: 2/41 [orc/+0 short sword (5)]
  2748 | D:3      | Killed from afar by an orc wizard

Illustrated notes

Levels and vault maps discovered:
D:1:      sevenhm_arrival_forest_fort_large_4, layout_loops_ring,
          kennysheep_minor_cross, corexii_hall_statues_deadend,
          kennysheep_nondescript, hex_large, st_stairs_4, minmay_bisected
D:2:      layout_basic
D:3:      layout_rooms, ebering_ecumenical_altar_ruins, amethyst_killhole,
          hangedman_glass_teeth, uniq_jessica, uniq_ijyb

Skill      XL: |  1  2  3  4 |
---------------+-------------+-----
Fighting       | 4 |  4.3
Polearms       | 3 |  3.3
Armour         | 4 |  4.1
Throwing       | |  0.2
Dodging        | |  0.8
Stealth        | |  0.1
Shields        | |  3.7

Action                   |  1- 3 |  4- 6 || total
-------------------------+-------+-------++-------
Melee: Trident           |   120 |    62 ||   182
Throw: Boomerang         |     8 |     3 ||    11
  Use: Scroll            |     3 |       ||     3
       Potion            |       |     2 ||     2
Armor: Scale mail        |    52 |    51 ||   103
Dodge: Dodged            |    55 |    25 ||    80
Block: Buckler           |    31 |    13 ||    44

Table legend: (Time is in decaauts)
 A = Elapsed time spent in this place.
 B = Non-inter-level travel time spent in this place.
 C = Inter-level travel time spent in this place.
 D = Time resting spent in this place.
 E = Time spent auto-exploring this place.
 F = Levels seen in this place.
 G = Mean time per level.
                   A        B        C        D        E       F      G
               +--------+--------+--------+--------+--------+-----+--------+
         Total |   2787 |   2680 |    107 |    917 |   1153 |   3 |  929.0 |
       Dungeon |   2787 |   2680 |    107 |    917 |   1153 |   3 |  929.0 |
               +--------+--------+--------+--------+--------+-----+--------+

Top non-repeatable levels by time:
     D:1: 1673 daAuts
     D:2: 643 daAuts
     D:3: 471 daAuts
